 Dungeon Crawl Stone Soup version 0.27.0-1-g7a089689b8 (webtiles) character file.

Game seed: 4290926224569667287

49 Colgate the Stinger (level 3, 0/24 HPs)
             Began as a Merfolk Venom Mage on Aug 12, 2021.
             Was a Follower of Zin.
             Slain by an adder (3 damage)
             ... on level 2 of the Dungeon.
             The game lasted 00:20:06 (2933 turns).

Colgate the Stinger (Merfolk Venom Mage)            Turns: 2933, Time: 00:20:07

Health: 0/24       AC:  2    Str:  9    XL:     3   Next: 77%
Magic:  1/6        EV: 12    Int: 14    God:    Zin [*.....]
Gold:   0          SH:  0    Dex: 14    Spells: 3/6 levels left

rFire    . . .     SeeInvis .   b - +1 dagger
rCold    . . .     Faith    .   (no shield)
rNeg     . . .     Spirit   .   a - +0 robe
rPois    .         Reflect  .   (no helmet)
rElec    .         Harm     .   (no cloak)
rCorr    .         Rampage  .   (no gloves)
Will     .....                  (no boots)
Stlth    ++........             (no amulet)
HPRegen  0.08/turn              (no ring)
MPRegen  0.10/turn              (no ring)

@: weak-willed
A: (nimble swimmer 2), mertail
a: Renounce Religion, Recite, Donate Gold


You were on level 2 of the Dungeon.
You worshipped Zin.
Zin was aware of your devotion.
You visited 1 branch of the dungeon, and saw 2 of its levels.

Inventory:

Hand Weapons
 b - a +1 dagger (weapon)
Armour
 a - a +0 robe (worn)
Potions
 c - a potion of attraction
 g - a potion of curing


   Skills:
 - Level 2.6 Dodging
 - Level 2.1 Stealth
 - Level 2.0 Spellcasting
 - Level 1.3 Transmutations
 + Level 0.2 Air Magic
 - Level 5.0 Poison Magic


You had 3 spell levels left.
You knew the following spells:

 Your Spells              Type           Power      Damage    Failure   Level
a - Sting                 Tmut/Pois      40%        1d5       6%          1
b - Poisonous Vapours     Pois/Air       16%        N/A       12%         2

Your spell library contained the following spells:

 Spells                   Type           Power      Damage    Failure   Level
 Mephitic Cloud           Conj/Pois/Air  6%         N/A       34%         3
 Olgreb's Toxic Radiance  Pois           15%        N/A       30%         4


Dungeon Overview and Level Annotations

Branches:
Dungeon (2/15)

Altars:
Zin

Shops:
D:1 (

Annotations:
D:1 vettä


Innate Abilities, Weirdness & Mutations

((You are quick and stealthy near water. (Stealth+, EV+, Speed+++)))
Your lower body shifts to a powerful aquatic tail in water.


Message History

As you read the scroll labelled CYMAINN ZINIDD, it crumbles to dust.
It is a scroll of enchant weapon.
Your +0 dagger glows red for a moment.
The jackal barely misses you. The jackal bites you.
As you read the scroll labelled YNEOZY EDEMP, it crumbles to dust.
Magic quickly surges around you.
It was a scroll of vulnerability.
The jackal closely misses you.
As you read the scroll labelled OKLESE OCYKK, it crumbles to dust.
You hear a loud clanging noise!
It was a scroll of noise.
You hear a shout!
You hear an angry hiss.
The jackal bites you. x2
You are too injured to fight recklessly!
You are too injured to fight recklessly!
You are too injured to fight recklessly!
You hit the jackal.
The jackal is severely wounded.
The jackal bites you.
You hit the jackal but do no damage.
The jackal is severely wounded.
The jackal bites you.
* * * LOW HITPOINT WARNING * * *
You hit the jackal.
You kill the jackal!
The adder bites you.
* * * LOW HITPOINT WARNING * * *
You hit the adder.
The adder is moderately wounded.
The adder bites you.
* * * LOW HITPOINT WARNING * * *
Okay, then.
You closely miss the adder.
The adder is moderately wounded.
The adder closely misses you.
You hit the adder but do no damage.
The adder is moderately wounded.
The adder bites you. Zin protects you from harm! The adder bites you.
You die...

#.#
##.#####
#......#
######.#
#.# # #.#
.# #.#
..#
#†#...###
#@Sr.....
######...
.. .. ..
#. #. ..
#.#.
...#.#.
#.#.#.


You could see an adder (weak-willed) and a rat (weak-willed).

Vanquished Creatures
  A worm (D:1)
  2 bats
  4 endoplasms (D:1)
  4 giant cockroaches
  3 goblins
  5 hobgoblins (D:1)
  10 jackals
  4 ball pythons (D:1)
  4 rats
37 creatures vanquished.

Vanquished Creatures (others)
  4 plants (D:1)
4 creatures vanquished.

Grand Total: 41 creatures vanquished

Notes
Turn   | Place    | Note
-------+----------+-------------------------------------------
     0 | D:1      | Colgate the Merfolk Venom Mage began the quest for the Orb.
     0 | D:1      | Reached XP level 1. HP: 13/13 MP: 3/3
   241 | D:1      | Reached XP level 2. HP: 14/19 MP: 0/5
   244 | D:1      | Learned a level 2 spell: Poisonous Vapours
   436 | D:1      | Reached skill level 4 in Poison Magic
  1151 | D:1      | Found a faded altar of an unknown god.
  1156 | D:1      | Became a worshipper of Zin the Law-Giver
  1156 | D:1      | Reached * piety under Zin
  1219 | D:1      | Reached XP level 3. HP: 22/24 MP: 0/6
  1432 | D:1      | Found Amuit's Antique Weapon Shoppe.
  2792 | D:1      | Reached skill level 5 in Poison Magic
  2933 | D:2      | Zin protects you from harm!
  2933 | D:2      | Slain by an adder

Illustrated notes

Levels and vault maps discovered:
D:1:      psy_arrival_fountain, layout_basic, serial_forest,
          infiniplex_forest_clump_tiny, infiniplex_forest_lined_ring,
          infiniplex_forest_end_3, infiniplex_forest_lined_corner,
          infiniplex_forest_zigzag_1, infiniplex_forest_lined_room_2,
          infiniplex_forest_lined_3, serial_shops, shop,
          shapermc_ecumenical_altar_notcrosses, minivault_14
D:2:      layout_basic

Skill      XL: |  1  2  3 |
---------------+----------+-----
Poison Magic   | 4 5 |  5.0
Dodging        | |  2.6
Stealth        | |  2.1
Spellcasting   | |  2.0
Transmutations | |  1.3
Air Magic      | |  0.2

Action                   || total
-------------------------++-------
Melee: Unarmed           ||     1
       Dagger            ||    36
 Cast: Sting             ||    28
       Poisonous Vapours ||    50
  Use: Scroll            ||     5
 Stab: Sleeping          ||     1
Armor: Robe              ||    17
Dodge: Dodged            ||    42
